 Dungeon Crawl Stone Soup version 0.25-a0-10-g2fe12d4386 (webtiles) character file.

Game seed: 7045156414673403245, levelgen mode: deterministic

37 MrRokkomies the Slasher (level 3, -7/22 HPs)
             Began as a Vampire Gladiator on Oct 15, 2019.
             Killed from afar by Robin (11 damage)
             ... with a puff of flame
             ... on level 2 of the Dungeon.
             The game lasted 00:03:39 (851 turns).

MrRokkomies the Slasher (Vampire Gladiator)          Turns: 851, Time: 00:03:43

Health: -7/22      AC:  8    Str: 14    XL:     3   Next: 21%
Magic:  12/12      EV: 10    Int: 10    God:
Gold:   30         SH:  0    Dex: 15    Spells: 2/2 levels left

rFire    . . .     SeeInvis +   a - +0 long sword
rCold    + + .     Gourm    .   (no shield)
rNeg     + + +     Faith    .   k - +0 scale mail
rPois    ∞         Spirit   .   c - +1 helmet
rElec    .         Reflect  .   (no cloak)
rCorr    .         Harm     .   (no gloves)
MR       .....                  (no boots)
Stlth    +++.......             b - amulet of the acrobat
HPRegen  0.00/turn              i - ring of magical power
MPRegen  0.13/turn              (no ring)

@: bloodless, regenerating quickly
A: no food, fangs 3, see invisible, unbreathing
a: Bat Form, Revivify


You were on level 2 of the Dungeon.
You were bloodless.

You visited 1 branch of the dungeon, and saw 2 of its levels.

You collected 30 gold pieces.

Inventory:

Hand Weapons
 a - a +0 long sword (weapon)
Missiles
 d - 3 throwing nets (quivered)
 e - 5 curare-tipped darts
Armour
 c - a +1 helmet (worn)
 k - a +0 scale mail (worn)
Jewellery
 b - an amulet of the acrobat (around neck)
 i - a ring of magical power (left hand)
Scrolls
 g - a scroll of magic mapping {unknown}
 l - a scroll of enchant armour
Potions
 f - a potion of flight
 h - a potion of curing {unknown}
 j - a potion of experience {unknown}


   Skills:
 * Level 2.5 Fighting
 * Level 3.6 Long Blades
 - Level 1.5 Throwing
 - Level 3.2 Dodging
 + Level 1.9 Stealth


You had 2 spell levels left.
You didn't know any spells.
Your spell library was empty.

Dungeon Overview and Level Annotations

Branches:
Dungeon (2/15)

Altars:

Annotations:
D:2 Robin


Innate Abilities, Weirdness & Mutations

You do not eat.
You do not regenerate when monsters are visible.
You are frail without blood (-20% HP).
You can heal yourself when you bite living creatures.
You are immune to poison.
You have razor-sharp teeth.
You have supernaturally acute eyesight. (SInv)
You can survive without breathing.


Message History

You hit Robin. You bite Robin, but do no damage.
Robin is moderately wounded.
The goblin hits you but does no damage. The goblin hits you.
Robin throws the goblin at you!
The hobgoblin hits you with a cursed +0 club!
The goblin closely misses you. The goblin hits you with a +0 dagger.
Your scale mail prevents you from hitting Robin.
You bite Robin.
You draw Robin's blood!
You feel better.
Robin is heavily wounded.
The goblin barely misses you. Robin closely misses you.
You riposte.
You closely miss Robin.
Robin is heavily wounded.
The hobgoblin hits you with a cursed +0 club.
* * * LOW HITPOINT WARNING * * *
The goblin hits you.
* * * LOW HITPOINT WARNING * * *
The goblin hits you but does no damage. The goblin closely misses you.
Robin zaps a wand.
The puff of flame hits you!
Ouch! That really hurt!
You die...

##### ####.........# .
...#.........+ ...
#............###
....#####g.#.........#..
.....!.ggg)#.........#.#
......g@gg...........#.#
#......gg#.#.........#.#
.........'..............
.........#.#..########.#
....(....#.#.........#.#
.........#...........#.#
..#.....(#...#...#####.#
.........#........)....#
##..###########


You could see Robin, a hobgoblin and 7 goblins.

Vanquished Creatures
  An ooze (D:1)
  A dart slug (D:2)
  2 leopard geckos (D:1)
  5 bats (D:1)
  A giant cockroach (D:1)
  6 goblins
  2 frilled lizards (D:1)
  7 kobolds
  3 rats (D:1)
28 creatures vanquished.

Notes
Turn   | Place    | Note
-------+----------+-------------------------------------------
     0 | D:1      | MrRokkomies the Vampire Gladiator began the quest for the
                  | Orb.
     0 | D:1      | Reached XP level 1. HP: 16/16 MP: 1/1
   238 | D:1      | Reached skill level 1 in Stealth
   238 | D:1      | Reached XP level 2. HP: 9/17 MP: 2/2
   828 | D:2      | Reached XP level 3. HP: 22/22 MP: 3/3
   841 | D:2      | Noticed Robin
   851 | D:2      | Killed from afar by Robin

Levels and vault maps discovered:
D:1:      dpeg_arrival_shelter, layout_loops_ring
D:2:      minmay_door_path, layout_basic, uniq_robin

Skill      XL: |  1 |
---------------+----+-----
Fighting       | 2 |  2.5
Stealth        | 1 |  1.9
Long Blades    | |  3.6
Throwing       | |  1.5
Dodging        | |  3.2

Action                   || total
-------------------------++-------
Melee: Long sword        ||    47
       Bite              ||     8
 Abil: Exsanguinate      ||     1
  Use: Scroll            ||     4
 Stab: Sleeping          ||     7
Armor: Leather armour    ||     9
       Scale mail        ||    25
Dodge: Dodged            ||    37
       Rpst.: Long sword ||    10

Table legend:
 A = Non-vault XP
 B = Vault XP
 C = Vault XP percentage of total XP
 D = Non-vault monster count
 E = Vault monster count
 F = Vault count percentage of total count
                 A         B        C        D         E       F
            +---------+---------+-------+---------+---------+-------
      Total |      45 |       8 |  15.1 |      24 |       4 |  14.3
            +---------+---------+-------+---------+---------+-------
        D:1 |      38 |       0 |   0.0 |      21 |       0 |   0.0
        D:2 |       7 |       8 |  53.3 |       3 |       4 |  57.1
            +---------+---------+-------+---------+---------+-------
